 Dungeon Crawl Stone Soup version 0.27.1 (webtiles) character file.

Game seed: 5650499539941967549

18231 pkoi the Grappler (level 12, 0/172 HPs)
             Began as a Troll Fighter on Aug 23, 2021.
             Was a High Priest of Trog.
             Slain by a komodo dragon (27 damage)
             ... on level 2 of the Lair of Beasts.
             The game lasted 00:12:04 (9118 turns).

pkoi the Grappler (Troll Fighter)                   Turns: 9118, Time: 00:12:05

Health: 0/172      AC:  7    Str: 30    XL:     12   Next: 25%
Magic:  0/20       EV: 12    Int: 15    God:    Trog [*****.]
Gold:   584        SH: 13    Dex: 15    Spells: 11/11 levels left

rFire    . . .     SeeInvis .     - Unarmed
rCold    . . .     Faith    .   b - +1 kite shield
rNeg     + + .     Spirit   +   r - +0 robe "Aruy" {rN++ Int+3 Slay+2 Archmagi}
rPois    .         Reflect  .   (helmet restricted)
rElec    .         Harm     .   j - +2 cloak
rCorr    .         Rampage  .   (gloves unavailable)
Will     .....     Archmagi +   (boots unavailable)
Stlth    ..........             B - amulet of guardian spirit
HPRegen  1.38/turn              i - ring "Ubacysoq" {Int+7 Dex+6}
MPRegen  0.17/turn              u - ring of magical power

@: berserking (expiring), very quick
A: large, unfitting armour, claws 3, regeneration 1, shaggy fur 1, tough skin 1
a: Renounce Religion, Berserk, Trog's Hand, Brothers in Arms


You were on level 2 of the Lair of Beasts.
You worshipped Trog.
Trog was extremely pleased with you.
You visited 2 branches of the dungeon, and saw 12 of its levels.

You collected 584 gold pieces.

Inventory:

Missiles
 n - 11 boomerangs (quivered)
 x - 4 javelins
Armour
 a - a +0 robe
 b - a +1 kite shield (worn)
 j - a +2 cloak (worn)
 r - the +0 robe "Aruy" (worn) {rN++ Int+3 Slay+2 Archmagi}
   (You found it on level 5 of the Dungeon)

   Int:       It affects your intelligence (+3).
   Slay:      It affects your accuracy & damage with ranged weapons and melee
   (+2).
   rN:        It greatly protects you from negative energy.
   Archmagi:  It increases the power of your magical spells.
Jewellery
 e - a ring of protection from cold
 i - the ring "Ubacysoq" (left claw) {Int+7 Dex+6}
   (You found it on level 6 of the Dungeon)

   [ring of dexterity]

   Int:       It affects your intelligence (+7).
   Dex:       It affects your dexterity (+6).
 u - a ring of magical power (right claw)
 B - an amulet of guardian spirit (around neck)
 D - a ring of positive energy
Wands
 m - a wand of flame (38)
 q - a wand of charming (10)
 y - a wand of polymorph (6)
 z - a wand of acid (11)
 A - a wand of iceblast (18)
 C - a wand of paralysis (23)
 F - a wand of mindburst (16)
Scrolls
 g - 2 scrolls of fog
 k - a scroll of torment {unknown}
 l - 2 scrolls of enchant weapon
 o - 2 scrolls of teleportation
 s - 4 scrolls of identify
 w - a scroll of enchant armour
Potions
 c - a potion of might
 d - 3 potions of flight
 f - 3 potions of haste
 h - 2 potions of ambrosia
 p - 3 potions of curing
 t - 4 potions of berserk rage


   Skills:
 + Level 6.6 Fighting
 - Level 4.0 Throwing
 + Level 6.7 Dodging
 + Level 8.3 Shields
 * Level 13.0 Unarmed Combat
 - Level 3.6 Evocations


You had 11 spell levels left.
You didn't know any spells.
Your spell library contained the following spells:

 Spells                   Type           Power      Damage    Failure   Level
 Corona                   Hex            0%         N/A       30%         1
 Ensorcelled Hibernation  Hex/Ice        0%         N/A       43%         2
 Tukima's Dance           Hex            0%         N/A       67%         3


Dungeon Overview and Level Annotations

Branches:
Dungeon (9/15)             Temple (0/1) D:4            Lair (3/6) D:8
  Snake (0/4) Lair:3
  Swamp: Lair:2-4    Shoals: Lair:2-4       Orc: D:9-12

Altars:
Fedhas
Gozag
Hepliaklqana
Kikubaaqudgha
Okawaru
Ru
Sif Muna
Trog
Yredelemnul
Zin

Shops:
D:3 *

Annotations:
D:8 1 runed translucent door, dtburroughs's ghost, novice MiBe


Innate Abilities, Weirdness & Mutations

You are too large for most types of armour.
You have claws for hands.
Your natural rate of healing is unusually fast.
You are covered in fur. (AC +1)
You have tough skin. (AC +1)


Message History

The 11-headed hydra is almost dead.
The komodo dragon completely misses you.
The 11-headed hydra completely misses you.
The 11-headed hydra bites you! x2; You block the 11-headed hydra's attack.
The 11-headed hydra bites you! You block the 11-headed hydra's attack.
The 11-headed hydra bites you. The 11-headed hydra barely misses you.
The 11-headed hydra completely misses you.
The 11-headed hydra bites you! You block the 11-headed hydra's attack.
You barely miss the 11-headed hydra.
The 11-headed hydra is almost dead.
Unknown command.
You tear one of the 11-headed hydra's heads off!
The ten-headed hydra grows two more!
You claw the 12-headed hydra!
The 12-headed hydra is severely wounded.
You block the komodo dragon's attack. The 12-headed hydra bites you.
You block the 12-headed hydra's attack.
The 12-headed hydra bites you but does no damage.
You block the 12-headed hydra's attack. x2; The 12-headed hydra bites you! x2
* * * LOW HITPOINT WARNING * * *
The 12-headed hydra bites you but does no damage.
The 12-headed hydra closely misses you. x2
The 12-headed hydra barely misses you. You block the 12-headed hydra's attack.
You rip one of the 12-headed hydra's heads off!
The 11-headed hydra grows two more!
You mangle the 13-headed hydra!!
You kill the 13-headed hydra!
Trog accepts your kill. The komodo dragon bites you!!
* * * LOW HITPOINT WARNING * * *
Your Unarmed Combat skill increases to level 13!
You barely miss the komodo dragon. You eviscerate the komodo dragon!!!
The komodo dragon is almost dead.
The komodo dragon closely misses you. The komodo dragon barely misses you.
You mangle the komodo dragon!!
You kill the komodo dragon!
Trog accepts your kill.
You mangle the komodo dragon!!
The komodo dragon is almost dead.
The komodo dragon bites you!!
You die...

...... ..####...##......^....>.
.......... #....##......#####.#.
........P.#....#.##.....#.# #.#.
..........##.P##..##....### ##..
.).........####....#....#.## ##.
♣#.....#....# ##...##.....P ##.
(##.........#. ##..##...... ##..
..♣........##).##..##.....# #.#.
.♣..........#..l@...#.....#####..
.÷♣.........###$##)##......##.#P.
.÷....P##....### ###.............
###.........#.. ............P##.
...#..#.....P.. .............#..
...####.......# .......)......#.
... #.....b.## .............##.
..♣ ##......# .............#.. ..
#....### .≈≈≈≈≈≈≈........


You could see a komodo dragon.

Vanquished Creatures
  A hydra (Lair:2)
  Erica (Lair:2)
  A two-headed ogre (D:8)
  A bog body (Lair:3)
  4 cane toads
  6 komodo dragons
  6 rime drakes
  3 blink frogs
  Sigmund (D:4)
  3 wyverns
  Eustachio (D:4)
  21 yaks
  3 basilisks
  13 steam dragons
  A naga (Lair:3)
  3 acid dragons
  5 water moccasins
  Duvessa (D:5)
  An orc warrior (D:9)
  A black bear (D:4)
  3 ice beasts
  A necrophage (D:4)
  2 ogres
  4 centaurs
  A phantom (D:5)
  6 wolves (Lair:2)
  2 kobold brigands
  11 bullfrogs
  A scorpion (D:4)
  Dowan (D:5)
  9 killer bees
  2 howler monkeys (D:9)
  A vampire bat (D:4)
  3 wights (D:9)
  An electric eel (Lair:2)
  A centaur zombie (D:8)
  Crazy Yiuf (D:3)
  2 orc priests (D:4)
  A bullfrog skeleton (D:6)
  3 hounds
  2 centaur skeletons
  3 gnoll shamans
  11 iguanas
  Natasha (twice) (D:2)
  3 orc wizards
  A killer bee zombie (D:7)
  2 howler monkey zombies
  A howler monkey skeleton (D:7)
  12 gnolls
  10 adders
  A shadow imp (D:5)
  A white imp (D:5)
  2 ufetubi (D:4)
  A worm (D:3)
  A dart slug (D:5)
  13 orcs
  2 ball pythons
  5 bats
  2 bat skeletons (D:4)
  3 bat zombies (D:4)
  8 endoplasms
  3 giant cockroaches
  7 goblins
  13 hobgoblins
  2 jackals (D:1)
  A quokka (D:5)
  2 frilled lizards
  13 kobolds
  3 rats
263 creatures vanquished.

Vanquished Creatures (others)
  A wyvern (Lair:2)
  An orc (D:8)
  4 fungi
  32 plants
  2 withered plants (D:8)
40 creatures vanquished.

Grand Total: 303 creatures vanquished

Notes
Turn   | Place    | Note
-------+----------+-------------------------------------------
     0 | D:1      | pkoi the Troll Fighter began the quest for the Orb.
     0 | D:1      | Reached XP level 1. HP: 22/22 MP: 0/0
    63 | D:1      | Reached XP level 2. HP: 19/29 MP: 1/1
   390 | D:1      | Reached XP level 3. HP: 36/36 MP: 2/2
   729 | D:2      | Found a faded altar of an unknown god.
   827 | D:2      | You fall into a shaft and drop 1 floor!
   911 | D:2      | Noticed Natasha
   916 | D:2      | Killed Natasha
   917 | D:2      | Reached skill level 3 in Unarmed Combat
   917 | D:2      | Reached XP level 4. HP: 44/44 MP: 3/3
  1024 | D:2      | Found a bloodstained altar of Trog.
  1024 | D:2      | Noticed Natasha
  1030 | D:2      | Killed Natasha
  1049 | D:2      | Became a worshipper of Trog the Wrathful
  1439 | D:3      | Found a runed translucent door.
  1440 | D:3      | Noticed Crazy Yiuf
  1596 | D:3      | Reached XP level 5. HP: 52/52 MP: 4/4
  1665 | D:3      | Found a sacrificial altar of Ru.
  1731 | D:3      | Reached skill level 4 in Unarmed Combat
  1933 | D:3      | Found Daefyj Viem's General Store.
  2224 | D:3      | Killed Crazy Yiuf
  2326 | D:4      | Reached XP level 6. HP: 52/59 MP: 5/5
  2346 | D:4      | Reached skill level 5 in Unarmed Combat
  2430 | D:4      | Found a staircase to the Ecumenical Temple.
  2506 | D:4      | Reached XP level 7. HP: 66/66 MP: 6/6
  2528 | D:4      | Reached * piety under Trog
  2529 | D:4      | Reached skill level 6 in Unarmed Combat
  2579 | D:4      | Found a shimmering blue altar of Sif Muna.
  2626 | D:4      | Noticed Eustachio
  2652 | D:4      | Killed Eustachio
  2653 | D:4      | Reached skill level 7 in Unarmed Combat
  2898 | D:4      | Found a faded altar of an unknown god.
  2899 | D:4      | Found a hazy altar of Hepliaklqana.
  2899 | D:4      | Noticed Sigmund
  2905 | D:4      | Killed Sigmund
  2906 | D:4      | Reached skill level 5 in Shields
  2906 | D:4      | Reached XP level 8. HP: 50/74 MP: 7/7
  3032 | D:4      | Found an ancient bone altar of Kikubaaqudgha.
  3185 | D:5      | Entered Level 5 of the Dungeon
  3225 | D:5      | Reached skill level 8 in Unarmed Combat
  3329 | D:5      | Reached ** piety under Trog
  3418 | D:5      | Reached skill level 1 in Throwing
  3533 | D:5      | Identified the +0 robe "Aruy" {rN++ Int+3 Slay+2 Archmagi}
  3561 | D:5      | Noticed Duvessa
  3562 | D:5      | Noticed Dowan
  3571 | D:5      | Killed Duvessa
  3574 | D:5      | Killed Dowan
  3575 | D:5      | Reached skill level 9 in Unarmed Combat
  3970 | D:5      | Found an opulent altar of Gozag.
  4191 | D:6      | Reached XP level 9. HP: 52/81 MP: 8/8
  4385 | D:6      | Reached skill level 1 in Evocations
  4724 | D:6      | Identified the ring "Ubacysoq" {Int+7 Dex+6}
  4833 | D:6      | Found a glowing silver altar of Zin.
  5203 | D:7      | Reached *** piety under Trog
  5501 | D:7      | Reached skill level 10 in Unarmed Combat
  5635 | D:8      | Found an iron altar of Okawaru.
  5695 | D:8      | Noticed a two-headed ogre
  5707 | D:8      | Killed a two-headed ogre
  5708 | D:8      | Reached XP level 10. HP: 31/93 MP: 9/9
  5778 | D:8      | Found a runed translucent door.
  5778 | D:8      | Noticed dtburroughs's ghost (novice MiBe)
  5816 | D:8      | Found a blossoming altar of Fedhas.
  5994 | D:8      | Found a staircase to the Lair.
  6213 | D:9      | Found a basalt altar of Yredelemnul.
  6466 | D:9      | Identified the +10 rapier "Geid" {pain, *Slow rC+ Str+2}
  7070 | Lair:1   | Entered Level 1 of the Lair of Beasts
  7077 | Lair:1   | Reached skill level 11 in Unarmed Combat
  7146 | Lair:1   | Reached **** piety under Trog
  7158 | Lair:1   | Reached skill level 5 in Dodging
  7179 | Lair:1   | Reached skill level 5 in Fighting
  7216 | Lair:1   | Reached XP level 11. HP: 58/104 MP: 7/10
  7969 | Lair:2   | Reached skill level 12 in Unarmed Combat
  8481 | Lair:2   | You fall into a shaft and drop 1 floor!
  8618 | Lair:3   | Noticed a bog body
  8642 | Lair:3   | Killed a bog body
  8657 | Lair:3   | Found a staircase to the Snake Pit.
  8813 | Lair:2   | Reached XP level 12. HP: 114/114 MP: 11/11
  8817 | Lair:2   | Reached ***** piety under Trog
  8938 | Lair:2   | Noticed Erica
  8960 | Lair:2   | Killed Erica
  9104 | Lair:2   | Noticed a seven-headed hydra
  9114 | Lair:2   | Killed a 13-headed hydra
  9115 | Lair:2   | Reached skill level 13 in Unarmed Combat
  9118 | Lair:2   | Slain by a komodo dragon

Illustrated notes

Levels and vault maps discovered:
D:1:      wander_arrival_desolate, layout_rooms, moated_statue
D:2:      layout_basic, basic_altar, basic_ecumenical_altar, minmay_box_of_dots,
          uniq_natasha
D:3:      layout_basic, nicolae_ru_path_of_blood, portal_sewer_entry_d,
          serial_shops, shop_coins, uniq_crazy_yiuf_cottage
D:4:      layout_loops_ring, mainiacjoe_overflow_24_doors,
          kennysheep_vampire_church, beargit_hepliaklqana_dungeon_heroes,
          temple_statues, uniq_eustachio
D:5:      layout_loops_ring, mainiacjoe_overflow_alcove_1, uniq_duvessa
D:6:      layout_cave_pods, mainiacjoe_overflow_alcove_4
D:7:      layout_rooms
D:8:      layout_basic, okawaru_trees_1, mainiacjoe_overflow_cross_hatched,
          david_lair_shrubbed, gammafunk_ghost_grave
D:9:      layout_long_grid, mainiacjoe_overflow_concentric_impassable
Lair:1:   layout_long_grid, infiniplex_staircase_pool_2, serial_bayou_shore_b
Lair:2:   beast_lair_carwin_large_2, layout_gridlike, bobbens_dragon_lair_wall,
          grunt_megastairs_3, lemuel_fruit_fields, uniq_erica
Lair:3:   layout_gridlike, skrybe_swamp_entry_bodies,
          guppyfry_snake_entry_garden, serial_bayou_ford_a

Skill      XL: |  1  2  3  4  5  6  7  8  9 10 11 12 |
---------------+-------------------------------------+-----
Unarmed Combat | 3 4 5 7 9 10 11 12 13 | 13.0
Shields        | 3 4 5 6 7 8 |  8.3
Throwing       | 2 4 |  4.0
Dodging        | 3 4 5 6 |  6.7
Fighting       | 3 4 5 6 |  6.6
Evocations     | 2 3 |  3.6

Action                   |  1- 3 |  4- 6 |  7- 9 | 10-12 || total
-------------------------+-------+-------+-------+-------++-------
Melee: Unarmed           |   109 |   128 |   307 |   352 ||   896
Throw: Boomerang         |       |       |     1 |       ||     1
Invok: Berserk           |       |       |     2 |     3 ||     5
  Use: Scroll            |     1 |     4 |     8 |     5 ||    18
 Stab: Distracted        |       |       |     1 |       ||     1
       Sleeping          |       |       |     1 |     1 ||     2
Armor: Robe              |    30 |    43 |   116 |    49 ||   238
Dodge: Dodged            |    36 |    35 |   112 |   121 ||   304
Block: Kite shield       |    55 |    68 |   219 |   153 ||   495
